 Dungeon Crawl Stone Soup version 0.27-a0-1119-gbf574a6a6b (webtiles) character file.

Game seed: 16107586742962316360

61 Zeld the Skirmisher (level 4, -5/31 HPs)
             Began as an Octopode Fighter on May 2, 2021.
             Slain by a gnoll
             ... wielding a +0 halberd
              (8 damage)
             ... on level 2 of the Dungeon.
             The game lasted 00:01:36 (2008 turns).

Zeld the Skirmisher (Octopode Fighter)              Turns: 2008, Time: 00:01:36

Health: -5/31      AC:  3    Str: 16    XL:     4   Next: 7%
Magic:  4/4        EV: 11    Int: 10    God:
Gold:   89         SH:  9    Dex: 11    Spells: 3/3 levels left

rFire    . . .     SeeInvis .   a - +0 war axe
rCold    . . .     Faith    .   b - +0 kite shield
rNeg     . . .     Spirit   .   f - +2 hat
rPois    .         Reflect  .   (no amulet)
rElec    .         Harm     .   (no ring)
rCorr    .         Rampage  .   (no ring)
Will     .....                  (no ring)
Stlth    ++........             (no ring)
HPRegen  0.10/turn              (no ring)
MPRegen  0.09/turn              (no ring)
                                (no ring)
                                (no ring)

@: hasted, very quick
A: almost no armour, amphibious, 8 rings, camouflage 1, gelatinous body 1,
(nimble swimmer 1), tentacles
a: no special abilities


You were on level 2 of the Dungeon.
You visited 1 branch of the dungeon, and saw 3 of its levels.

You collected 89 gold pieces.

Inventory:

Hand Weapons
 a - a +0 war axe (weapon)
Missiles
 h - 6 atropa-tipped darts (quivered)
Armour
 b - a +0 kite shield (worn)
 f - a +2 hat (worn)
Scrolls
 e - a scroll of fear {unknown}
 g - 2 scrolls of torment {unknown}
 i - a scroll of blinking {unknown}
 j - a scroll of enchant weapon {unknown}
 k - a scroll of identify {unknown}
Potions
 c - a potion of might
 l - a potion of ambrosia {unknown}
 m - a potion of curing {unknown}


   Skills:
 - Level 3.4 Fighting
 - Level 2.6 Axes
 * Level 1.8 Throwing
 - Level 3.0 Dodging
 - Level 3.4 Shields


You had 3 spell levels left.
You didn't know any spells.
Your spell library was empty.

Dungeon Overview and Level Annotations

Branches:
Dungeon (3/15)

Altars:


Innate Abilities, Weirdness & Mutations

You cannot wear most types of armour.
You are amphibious.
You can wear up to eight rings at the same time.
Your skin changes colour to match your surroundings (Stealth+).
Your rubbery body absorbs attacks. (AC +1, EV +1)
((You are camouflaged near water. (Stealth+)))
You have tentacles for arms and can constrict up to eight enemies at once.


Message History

You see here a +0 dagger.
You hit the gnoll. Your grab misses the gnoll. You squeeze the gnoll.
The gnoll is moderately wounded.
The gnoll barely misses you. The gnoll hits you with a +0 club.
There is a stone staircase leading up here.
There are no items here.
HP restored.
You climb upwards.
There is a stone staircase leading down here.
You start waiting.
Done waiting.
You start waiting.
Done waiting.
You climb downwards.
The gnoll barely misses you. The gnoll hits you with a +0 halberd!
There is a stone staircase leading up, spattered with blood here.
The gnoll hits you with a +0 halberd! The gnoll barely misses you.
You climb upwards.
There is a stone staircase leading down here.
You are too injured to fight recklessly!
You are too injured to fight recklessly!
You are too injured to fight recklessly!
The gnoll barely misses you. The gnoll hits you with a +0 halberd.
* * * LOW HITPOINT WARNING * * *
You closely miss the gnoll. Your grab misses the gnoll.
You hit the gnoll but do no damage. You block the gnoll's attack.
The gnoll closely misses you. The gnoll hits you with a +0 club.
* * * LOW HITPOINT WARNING * * *
Unknown command.
You hit the gnoll but do no damage. You grab the gnoll.
You squeeze the gnoll, but do no damage.
You hit the gnoll. You constrict the gnoll. You block the gnoll's attack.
The gnoll hits you with a +0 club.
* * * LOW HITPOINT WARNING * * *
The gnoll misses you. The gnoll barely misses you.
Unknown command.
It was a potion of haste.
You feel yourself speed up.
You constrict the gnoll. The gnoll hits you with a +0 halberd!
You die...

#####...#.#.#####..#.#.#.###..##.
# #....##............#......... #
#...############.###########. #
#.(.......# #...#.......##.
#####...#####.# #.>.#.......###
..............#####...#.......# #
..............................# #
..........<.....gg..###.......# #
###.#...#.###...@...# #.......# #
#.#..............## #.......# #
#.#...#.#####....# ######### #
###.#...#.# ##...# # ..........#
####...######### ##........#
#......##......# .......##.#
#.##...##.####.###### ##..#####.#
#.##.#.##.####.##.... ........(.#
#.##..............###


You could see 2 gnolls.

Vanquished Creatures
  2 dart slugs (D:2)
  3 ball pythons
  6 endoplasms (D:1)
  A giant cockroach (D:1)
  2 goblins
  4 hobgoblins
  8 jackals
  4 kobolds (D:2)
  4 quokkas
  9 bats
  A frilled lizard (D:2)
  4 rats (D:1)
48 creatures vanquished.

Notes
Turn   | Place    | Note
-------+----------+-------------------------------------------
     0 | D:1      | Zeld the Octopode Fighter began the quest for the Orb.
     0 | D:1      | Reached XP level 1. HP: 16/16 MP: 1/1
    61 | D:1      | Reached XP level 2. HP: 16/21 MP: 2/2
   532 | D:1      | Reached XP level 3. HP: 15/26 MP: 3/3
   685 | D:1      | Found a faded altar of an unknown god.
  1153 | D:2      | Reached skill level 1 in Throwing
  1384 | D:2      | Reached XP level 4. HP: 31/31 MP: 4/4
  2008 | D:2      | Slain by a gnoll

Illustrated notes

Levels and vault maps discovered:
D:1:      heliophobic_arrival_glass_houses, layout_basic,
          shapermc_ecumenical_altar_mp_urbaneastern, minivault_11, fountainhead,
          nrook_uturn
D:2:      layout_loops_cross, supply_closet_lemuel
D:3:      layout_loops_ring, nzn_overflow_gifts_of_might_and_magic

Skill      XL: |  1  2  3 |
---------------+----------+-----
Throwing       | 1 |  1.8
Fighting       | |  3.4
Axes           | |  2.6
Dodging        | |  3.0
Shields        | |  3.4

Action                   |  1- 3 |  4- 6 || total
-------------------------+-------+-------++-------
Melee: War axe           |    72 |     7 ||    79
       Tentacles         |    12 |     2 ||    14
       Constrict         |    13 |     3 ||    16
  Use: Potion            |       |     1 ||     1
 Stab: Sleeping          |     7 |     1 ||     8
Armor: Skin              |    15 |       ||    15
Dodge: Dodged            |    46 |     9 ||    55
Block: Kite shield       |    37 |     4 ||    41

Table legend: (Time is in decaauts)
 A = Elapsed time spent in this place.
 B = Non-inter-level travel time spent in this place.
 C = Inter-level travel time spent in this place.
 D = Time resting spent in this place.
 E = Time spent auto-exploring this place.
 F = Levels seen in this place.
 G = Mean time per level.
                   A        B        C        D        E       F      G
               +--------+--------+--------+--------+--------+-----+--------+
         Total |   2058 |   1992 |     66 |    200 |   1466 |   3 |  686.0 |
       Dungeon |   2058 |   1992 |     66 |    200 |   1466 |   3 |  686.0 |
               +--------+--------+--------+--------+--------+-----+--------+

Top non-repeatable levels by time:
     D:1: 1028 daAuts
     D:2: 996 daAuts
     D:3: 33 daAuts
